 Dungeon Crawl Stone Soup version 0.19-a0-1907-gcff654f (webtiles) character file.

27 LORDOFBUTT the Grave Robber (level 2, 0/19 HPs)
             Began as a Mummy Necromancer on Oct 22, 2016.
             Slain by an adder (2 damage)
             ... on level 2 of the Dungeon.
             The game lasted 00:04:45 (1491 turns).

LORDOFBUTT the Grave Robber (Mummy Necromancer)     Turns: 1491, Time: 00:04:46

Health: 0/19       AC:  2    Str: 11    XL:     2   Next: 93%
Magic:  3/5        EV: 12    Int: 14    God:
Gold:   102        SH:  0    Dex: 12    Spells: 2 memorised, 3 levels left

rFire  x . .     SeeInvis .     g - -1 short sword (curse)
rCold  + . .     Gourm    .     a - +0 robe
rNeg   + + +     Faith    .     (no shield)
rPois  ∞         Spirit   .     (no helmet)
rElec  .         Reflect  .     (no cloak)
rCorr  .         Harm     .     (no gloves)
MR     .....                    (no boots)
Stlth  ++........               (no amulet)
                                (no ring)
                                (no ring)

@: about to teleport
A: no food or potions, fire vulnerability, cold resistance 1, negative energy
resistance 3, torment resistance, unbreathing
a: no special abilities


You were on level 2 of the Dungeon.
You were not hungry.

You visited 1 branch of the dungeon, and saw 2 of its levels.

You collected 102 gold pieces.

Inventory:

Hand Weapons
 g - a cursed -1 short sword (weapon)
Armour
 a - a +0 robe (worn)
Jewellery
 d - a +4 ring of intelligence
Scrolls
 c - a scroll of fog
Books
 b - a book of Necromancy

   Spells                             Type                      Level
   a - Pain                           Necromancy                   1
   b - Animate Skeleton               Necromancy                   1
   c - Vampiric Draining              Necromancy                   3
   d - Regeneration                   Charms/Necromancy            3
   e - Animate Dead                   Necromancy                   4
   f - Control Undead                 Necromancy                   4


   Skills:
 - Level 1.6 Dodging
 + Level 1.8 Stealth
 + Level 2.3 Spellcasting
 + Level 4.5 Necromancy


You had 3 spell levels left.
You knew the following spells:

 Your Spells              Type           Power        Failure   Level  Hunger
a - Pain                  Necr           ##..         3%          1    N/A
b - Animate Skeleton      Necr           N/A          3%          1    N/A

Dungeon Overview and Level Annotations

Branches:
Dungeon (2/15)

Altars:

Annotations:
D:2 Natasha


Innate Abilities, Weirdness & Mutations

You do not eat or drink.
Your flesh is vulnerable to fire.
You are immune to poison.
Your flesh is cold resistant. (rC+)
You are immune to negative energy. (rN+++)
You are immune to unholy pain and torment.
You can survive without breathing.


Message History

* * * LOW HITPOINT WARNING * * *
Natasha hisses.
The adder barely misses you.
As you read the scroll labeled JUGU WOSYACECI, it crumbles to dust.
It is a scroll of enchant weapon.
Your cursed -2 short sword glows red for a moment.
The adder bites you.
* * * LOW HITPOINT WARNING * * *
The adder barely misses you.
Natasha howls an incantation.
Natasha shimmers violently.
Natasha casts a spell.
The adder barely misses you. The adder barely misses you.
As you read the scroll labeled ADGHE LAUDOUCOLL, it crumbles to dust.
You feel strangely unstable.
It was a scroll of teleportation.
The adder bites you.
* * * LOW HITPOINT WARNING * * *
The adder bites you.
You die...

##.........# #..##.#.#.####
#........5...# #
##.######.##.# #. #.##
#.######.##.# ##.# #.(.
#...5..h.##5# ##...###
###########.###....... ##
##.###S##.......## ##.
########...##@#.........####..
..................).....'.....
########...........†....####..
#..)............## #..
#.#......#.....## #..
#........##...## #..
##.#.....###'##### ##.
#.#####........<# #. #.#
#.#######.# #.


You could see an adder and a shadow imp.

Vanquished Creatures
  A leopard gecko (D:1)
  2 bats
  6 goblins (D:1)
  3 hobgoblins (D:1)
  A frilled lizard (D:1)
  3 kobolds (D:1)
  2 rats
18 creatures vanquished.

Vanquished Creatures (collateral kills)
  A giant cockroach (D:1)
  A goblin (D:1)
  3 hobgoblins (D:1)
  A rat (D:1)
6 creatures vanquished.

Grand Total: 24 creatures vanquished

Notes
Turn   | Place    | Note
-------+----------+-------------------------------------------
     0 | D:1      | LORDOFBUTT the Mummy Necromancer began the quest for the Orb.
     0 | D:1      | Reached XP level 1. HP: 13/13 MP: 3/3
   551 | D:1      | Reached XP level 2. HP: 19/19 MP: 1/5
   554 | D:1      | Learned a level 1 spell: Animate Skeleton
  1462 | D:2      | Noticed Natasha
  1474 | D:2      | Noticed a crimson imp
  1491 | D:2      | Slain by an adder

Vault maps used:
D:1:      scummos_arrival_simple_crosswalls, serial_forest,
          infiniplex_forest_clump_long, infiniplex_forest_clump_double,
          infiniplex_forest_lined_3, infiniplex_forest_lined_corner,
          infiniplex_forest_clump_double, infiniplex_forest_straight_4
D:2:      minmay_misc_feat_nine_boxes, uniq_natasha

Action                   || total
-------------------------++-------
Melee: Short sword       ||    12
 Cast: Pain              ||    40
       Animate Skeleton  ||    10
  Use: Scroll            ||     5
Armor: Robe              ||     8
Dodge: Dodged            ||    22
